 Dungeon Crawl Stone Soup version 0.16-a0-2844-g9b01c91 (webtiles) character file.

566 Gorice the Chiller (level 7, -1/44 HPs)
             Began as a Halfling Wanderer on Nov 29, 2014.
             Was an Initiate of Sif Muna.
             Killed from afar by Blork the orc (7 damage)
             ... with a magic dart
             ... on level 5 of the Dungeon.
             The game lasted 00:32:29 (4234 turns).

Gorice the Chiller (Halfling Wanderer)              Turns: 4234, Time: 00:32:30

Health: -1/44      AC:  3    Str: 14    XL:     7   Next: 59%
Magic:  6/17       EV: 13    Int: 12    God:    Sif Muna [......]
Gold:   223        SH:  0    Dex: 13    Spells: 2 memorised, 10 levels left

rFire  . . .     SeeInvis .     b - +2 blowgun
rCold  . . .     Clarity  +     e - +1 robe
rNeg   . . .     SustAb   .     (no shield)
rPois  .         Gourm    .     (no helmet)
rElec  .         Spirit   .     (no cloak)
rCorr  .         Warding  .     (no gloves)
rMut   .         Stasis   .     (no boots)
MR     .....                    r - amulet of clarity
Stlth  ++........               (no ring)
                                (no ring)

@: lethally poisoned, about to teleport, very slightly contaminated, hasted,
very quick, not resistant to hostile enchantments, unstealthy
A: mutation resistance 1
a: Renounce Religion


You were on level 5 of the Dungeon.
You worshipped Sif Muna.
Sif Muna was noncommittal.
You were not hungry.

You visited 2 branches of the dungeon, and saw 6 of its levels.

You collected 223 gold pieces.

Inventory:

Hand weapons
 a - a +1 falchion
 b - a +2 blowgun (weapon)
 t - a +0 short sword
Missiles
 l - 15 poisoned needles (quivered)
 n - 5 poisoned tomahawks
 s - 4 tomahawks
 u - 9 poisoned sling bullets
 Y - a throwing net
 Z - 159 stones
Armour
 e - a +1 robe (worn)
 g - a +0 leather armour
Jewellery
 p - an uncursed amulet of resist mutation
 r - an amulet of clarity (around neck)
 v - an uncursed amulet of resist corrosion
Scrolls
 d - 2 scrolls of teleportation
 y - a scroll of amnesia
Potions
 h - a potion of might {unknown}
 i - a potion of curing {unknown}
 j - a potion of haste
 o - a potion of flight {unknown}
 z - a potion of brilliance {unknown}
 A - 2 potions of restore abilities {unknown}
Books
 c - Saonafin's Almanac of Snow

   Spells                             Type                      Level
   a - Freeze                         Ice                          1
   b - Ozocubu's Armour               Charms/Ice                   3
Comestibles
 f - 3 bread rations
 k - 7 fruits
 q - a slice of pizza
 x - a meat ration


   Skills:
 - Level 1.7 Fighting
 - Level 1.0 Long Blades
 - Level 1.3 Throwing
 - Level 1.1 Stealth
 + Level 4.1 Spellcasting
   Level 2.0 Fire Magic
 * Level 6.0 Ice Magic


You had 10 spell levels left.
You knew the following spells:

 Your Spells              Type           Power        Failure   Level  Hunger
a - Freeze                Ice            ###.         1%          1    #......
b - Ozocubu's Armour      Chrm/Ice       #.......     21%         3    ###....


Dungeon Overview and Level Annotations

Branches:
Dungeon (5/15)             Temple (1/1) D:4

Altars:
Ashenzari
Cheibriados
Dithmenos
Elyvilon
Fedhas
Gozag
Kikubaaqudgha
Nemelex Xobeh
Okawaru
Qazlal
Ru
Sif Muna
Trog
Vehumet
Yredelemnul
The Shining One

Annotations:
D:5 Blork the orc


Innate Abilities, Weirdness & Mutations

You are small and have problems with some larger weapons.
You are somewhat resistant to further mutation.


Message History

You shoot a curare-tipped needle.
The curare-tipped needle closely misses Blork the orc.
Blork the orc drinks a potion.
Blork the orc seems to speed up.
Firing (i - inventory. (,) - cycle):
l - 17 poisoned needles (quivered)
Press: ? - help, Shift-Dir - straight line, f/p - Blork the orc
Aim: Blork the orc, wielding a hand axe and wearing a robe (heavily wounded, fast)
You shoot a poisoned needle.
The poisoned needle barely misses Blork the orc.
You feel sick.
Firing (i - inventory. (,) - cycle):
l - 16 poisoned needles (quivered)
Press: ? - help, Shift-Dir - straight line, f/p - Blork the orc
Aim: Blork the orc, wielding a hand axe and wearing a robe (heavily wounded, fast)
You shoot a poisoned needle.
The poisoned needle barely misses Blork the orc.
Read which item? (? for menu, Esc to quit)
As you read the scroll of teleportation, it crumbles to dust.
You feel strangely unstable.
You feel sick.
Blork the orc gestures at you while chanting.
The magic dart hits you!
You die...

#########
#....@o.#
#.#####.#
##.## #(#
#...# #(#
###.# #.#
#.####>#####
#....#.....###
####.#####...#
#.# #.........


You could see Blork the orc.

Vanquished Creatures
  A water moccasin (D:5)
  A scorpion (D:5)
  A crimson imp (D:3)
  An orc priest (D:3)
  An orc wizard (D:3)
  An iguana (D:4)
  A worker ant (D:4)
  Jessica (D:2)
  7 gnolls
  6 adders
  7 worms
  2 giant geckos
  7 orcs
  4 bats
  3 giant cockroaches
  8 hobgoblins
  5 jackals
  2 quokkas
  A ball python (D:1)
  A giant gecko skeleton (D:4)
  4 giant newts
  11 goblins
  7 kobolds
  7 rats
90 creatures vanquished.

Notes
Turn   | Place    | Note
--------------------------------------------------------------
     0 | D:1      | Gorice, the Halfling Wanderer, began the quest for the Orb.
     0 | D:1      | Gorice set off with: a curare-tipped needle, a +2 blowgun, Saonafin's Almanac of Snow, a scroll of teleportation, a +0 robe, a bread ration
     0 | D:1      | Reached XP level 1. HP: 14/14 MP: 3/3
     0 | D:1      | Identified Saonafin's Almanac of Snow
     2 | D:1      | Learned a level 1 spell: Freeze
   229 | D:1      | Reached skill level 1 in Ice Magic
   229 | D:1      | Reached XP level 2. HP: 17/19 MP: 0/5
  1013 | D:2      | Reached XP level 3. HP: 24/24 MP: 1/6
  1173 | D:2      | Noticed Jessica
  1209 | D:2      | Killed Jessica
  1342 | D:2      | Reached XP level 4. HP: 26/29 MP: 2/8
  1613 | D:2      | Reached skill level 3 in Spellcasting
  1653 | D:2      | Found a shattered altar of Ashenzari.
  1879 | D:2      | Reached XP level 5. HP: 34/34 MP: 6/11
  2122 | D:3      | Reached skill level 4 in Ice Magic
  2260 | D:3      | Reached XP level 6. HP: 29/39 MP: 9/13
  2664 | D:3      | Found a basalt altar of Yredelemnul.
  2664 | D:3      | Found a radiant altar of Vehumet.
  2864 | D:3      | Learned a level 3 spell: Ozocubu's Armour
  2978 | D:4      | Found a sacrificial altar of Ru.
  3196 | D:4      | Reached skill level 5 in Ice Magic
  3310 | D:4      | Reached XP level 7. HP: 32/44 MP: 10/15
  3688 | D:4      | Found a staircase to the Ecumenical Temple.
  3727 | Temple   | Entered the Ecumenical Temple
  3816 | Temple   | Became a worshipper of Sif Muna the Loreminder
  3908 | D:5      | Entered Level 5 of the Dungeon
  4208 | D:5      | Noticed Blork the orc
  4220 | D:5      | Reached skill level 6 in Ice Magic
  4234 | D:5      | Killed from afar by Blork the orc

Action                   |  1- 3 |  4- 6 |  7- 9 || total
-------------------------+-------+-------+-------++-------
Melee: Short sword       |    39 |     7 |       ||    46
       Falchion          |       |    31 |    30 ||    61
 Fire: Blowgun           |     8 |    75 |    10 ||    93
Throw: Stone             |     3 |     3 |       ||     6
       Tomahawk          |       |     2 |     4 ||     6
 Cast: Freeze            |    26 |    64 |    15 ||   105
  Use: Scroll            |     4 |     2 |     4 ||    10
       Potion            |       |       |     1 ||     1
 Stab: Sleeping          |     4 |    11 |     1 ||    16
  Eat: Chunk             |     2 |     6 |     4 ||    12
